 Dungeon Crawl Stone Soup version 0.31-a0-232-gb1c03b2570 (webtiles) character file.

Game seed: 391451050545749863

221 qw the Shooter (level 5, -17/45 HPs)
             Began as a Minotaur Hexslinger on July 6, 2023.
             Blown up by Ijyb (20 damage)
             ... with a mindburst bolt
             ... on level 3 of the Dungeon.
             The game lasted 00:00:53 (1937 turns).

qw the Shooter (Minotaur Hexslinger)                Turns: 1937, Time: 00:00:53

Health: -17/45     AC:  7    Str: 18    XL:     5   Next: 65%
Magic:  5/5        EV: 11    Int: 10    God:
Gold:   216        SH:  0    Dex: 15    Spells: 5/6 levels left

rFire   . . .        Y - +0 arbalest
rCold   . . .        (shield currently unavailable)
rNeg    . . .        m - +0 ring mail
rPois   .            (helmet restricted)
rElec   .            f - +1 cloak
rCorr   .            (no gloves)
SInv    .            (no boots)
Will    .....        (no amulet)
Stlth   +            i - +6 ring of strength
HPRegen 0.27/turn    (no ring)
MPRegen 0.09/turn

%: no passive effects
@: no status effects
A: horns 2, retaliatory headbutt
a: no special abilities


You were on level 3 of the Dungeon.
You visited 1 branch of the dungeon, and saw 3 of its levels.

You collected 216 gold pieces.


Innate Abilities, Weirdness & Mutations

You have a pair of horns on your head.
You reflexively headbutt those who attack you in melee.


   Skills:
 - Level 3.1 Fighting
 + Level 5.8 Ranged Weapons
 - Level 1.0 Armour
 - Level 2.1 Dodging
 - Level 1.0 Spellcasting
 - Level 2.0 Hexes


You had 5 spell levels left.
You knew the following spells:

 Your Spells              Type           Power      Damage    Failure   Level
a - Slow                  Hex            16%        N/A       26%         1

Your spell library contained the following spells:

 Spells                   Type           Power      Damage    Failure   Level
 Inner Flame              Hex/Fire       2%         N/A       77%         3
 Portal Projectile        Hex/Tloc       4%         N/A       77%         3
 Cause Fear               Hex            2%         N/A       95%         4

Inventory:

Hand Weapons
 Y - a +0 arbalest (weapon)
Armour
 f - a +1 cloak (worn)
 m - a +0 ring mail (worn)
Jewellery
 i - a +6 ring of strength (left hand)
 j - a +6 ring of intelligence
Scrolls
 a - 2 scrolls of identify
 g - a scroll of noise {unknown}
 n - a scroll of revelation {unknown}
Potions
 b - a potion of brilliance {unknown}
 c - a potion of mutation {unknown}
 d - 2 potions of might
 e - a potion of cancellation {unknown}
 h - 3 potions of curing
 k - a potion of enlightenment {unknown}
 l - a potion of heal wounds {unknown}

Dungeon Overview and Level Annotations

Branches:
Dungeon (3/15)

Altars:
Elyvilon

Annotations:
D:3 Ijyb


Message History

Enter note:
Enter note:
Enter note:
Enter note:
Enter note:
Enter note:
Enter note:
Enter note: You shoot a bolt.
The bolt hits the adder but does no damage.
The adder bites you but does no damage.
Ijyb screams, "Me very upset!"
The adder closely misses you.
You shoot a bolt. The bolt misses the adder.
The adder bites you. x2
You are poisoned.
The adder poisons you!
You shoot a bolt. The bolt misses the adder.
You feel sick. The adder bites you but does no damage.
The adder barely misses you. You furiously retaliate!
You headbutt the adder. Ijyb hits you with a +0 dagger.
You shoot a bolt. The bolt barely misses the adder.
You feel sick. The adder misses you. You furiously retaliate!
You headbutt the adder!
You kill the adder!
Ijyb hits you with a +0 dagger.
You shoot a bolt. The bolt barely misses Ijyb.
You feel sick.
You are no longer poisoned.
Ijyb zaps a wand.
Your mind is blasted!
Ijyb barely misses you. You furiously retaliate!
You headbutt Ijyb. You shoot a bolt. The bolt closely misses Ijyb.
Ijyb barely misses you. You furiously retaliate!
You headbutt Ijyb! Ijyb closely misses you.
You shoot a bolt. The bolt hits Ijyb!
Ijyb is almost dead.
Ijyb zaps a wand.
Your mind is blasted!
You shoot a bolt. The bolt barely misses Ijyb.
Ijyb zaps a wand.
Your mind is blasted!
You die...

#......# #....#
#.....).. ########
#....# ######)#.
####.# #.## #####
#.## #####)##
.....#
#..######.......
......#
##........###...
.......####..###.##
#### ......%#.%..##
#.# # .......@.####
#.# ......g###
#.###### .......
#......# .......
#######.## .......
.......... .......
#######.## .......
#.# ....... #.##
#..#


You could see Ijyb.

Vanquished Creatures
  A hound (D:3)
  Terence (D:3)
  Robin (D:3)
  A gnoll (D:3)
  6 adders
  2 dart slugs (D:1)
  8 ball pythons
  9 endoplasms
  15 goblins
  15 hobgoblins
  5 jackals
  A quokka (D:1)
  5 bats
  3 frilled lizards
  5 kobolds
  5 rats
83 creatures vanquished.

Notes
Turn   | Place    | Note
-------+----------+-------------------------------------------
     0 | D:1      | qw the Minotaur Hexslinger began the quest for the Orb.
     0 | D:1      | Reached XP level 1. HP: 16/16 MP: 1/1
     0 | D:1      | 0 ||| qw: Version: 0.3-a-46-gb1f654a
     0 | D:1      | 0 ||| qw: Game counter: 2103
     0 | D:1      | 0 ||| qw: Melee chars always use a shield: true
     0 | D:1      | 0 ||| qw: God list: Okawaru
     0 | D:1      | 0 ||| qw: Allow faded altars: false
     0 | D:1      | 0 ||| qw: Do Orc after clearing Dungeon:15 true
     0 | D:1      | 0 ||| qw: Do second Lair branch before Depths: true
     0 | D:1      | 0 ||| qw: Lair rune preference: random
     0 | D:1      | 0 ||| qw: Goals: Normal
     0 | D:1      | 0 ||| PLANNING D:1-11
    78 | D:1      | Reached skill level 3 in Ranged Weapons
    83 | D:1      | Reached XP level 2. HP: 23/23 MP: 2/2
   224 | D:1      | Reached XP level 3. HP: 29/29 MP: 3/3
   529 | D:1      | 529 ||| UPGRADING to +0 cloak.
   534 | D:1      | 534 ||| DROPPING ring of wizardry.
   535 | D:1      | 535 ||| DROPPING ring of magical power.
   536 | D:1      | 536 ||| READING scroll labelled NAGUJIASEAPS.
   537 | D:1      | 537 ||| READING scroll labelled INYTOV BETWO.
   538 | D:1      | 538 ||| READING scroll labelled INAEGOPLEN.
   539 | D:1      | 539 ||| DRINKING 2 yellow potions.
   540 | D:1      | 540 ||| DROPPING scroll of poison.
   662 | D:2      | Reached skill level 4 in Ranged Weapons
   741 | D:2      | 741 ||| SWAPPING to +0 arbalest.
   742 | D:2      | 742 ||| DROPPING +1 sling.
   781 | D:2      | Found a white marble altar of Elyvilon.
   828 | D:2      | Identified the +9 quarterstaff of qw's Instant Death
                  | {flame, rElec Int+3}
   875 | D:2      | 875 ||| READING scroll of enchant armour.
   875 | D:2      | 875 ||| ENCHANTING +0 cloak.
  1272 | D:2      | 1272 ||| UPGRADING to +0 ring mail.
  1282 | D:2      | 1282 ||| DROPPING +0 robe.
  1283 | D:2      | 1283 ||| UPGRADING to +6 ring of strength.
  1284 | D:2      | 1284 ||| READING 2 scrolls labelled OTENAWNABLA.
  1285 | D:2      | 1285 ||| READING scroll labelled TUTIRE MU KYSMESH.
  1288 | D:2      | 1288 ||| DRINKING 2 bubbling clear potions.
  1289 | D:2      | 1289 ||| DROPPING scroll of blinking.
  1353 | D:3      | Reached skill level 1 in Armour
  1353 | D:3      | Reached XP level 4. HP: 35/36 MP: 4/4
  1360 | D:3      | Noticed Terence
  1369 | D:3      | Killed Terence
  1415 | D:3      | Reached skill level 5 in Ranged Weapons
  1645 | D:3      | Noticed Robin
  1650 | D:3      | Killed Robin
  1651 | D:3      | Reached skill level 3 in Fighting
  1651 | D:3      | Reached XP level 5. HP: 21/45 MP: 5/5
  1929 | D:3      | Noticed Ijyb
  1936 | D:3      | HP: 2/45 [disintegration (12)]
  1937 | D:3      | Blown up by Ijyb

Levels and vault maps discovered:
D:1:      ldierk_walled_garden, layout_basic
D:2:      layout_loops_ring, basic_altar
D:3:      layout_rooms, minmay_joined_circles, uniq_ijyb, uniq_terence,
          uniq_robin

Skill      XL: |  1  2  3  4 |
---------------+-------------+-----
Ranged Weapons | 3 4 5 |  5.8
Fighting       | 2 3 |  3.1
Armour         | 1 |  1.0
Dodging        | |  2.1
Spellcasting   | |  1.0
Hexes          | |  2.0

Action                     |  1- 3 |  4- 6 || total
---------------------------+-------+-------++-------
   Fire: Sling             |    89 |       ||    89
         Arbalest          |    34 |    82 ||   116
    Use: Scroll            |     6 |       ||     6
         Potion            |     2 |       ||     2
 Armour: Robe              |    12 |       ||    12
         Ring mail         |     1 |    29 ||    30
  Dodge: Dodged            |    32 |    49 ||    81

Table legend:
 A = Non-vault XP
 B = Vault XP
 C = Vault XP percentage of total XP
 D = Non-vault monster count
 E = Vault monster count
 F = Vault count percentage of total count
                 A         B        C        D         E       F
            +---------+---------+-------+---------+---------+-------
      Total |     159 |     158 |  49.8 |      59 |      24 |  28.9
            +---------+---------+-------+---------+---------+-------
        D:1 |      55 |       0 |   0.0 |      30 |       0 |   0.0
        D:2 |      36 |       0 |   0.0 |      15 |       0 |   0.0
        D:3 |      68 |     158 |  69.9 |      14 |      24 |  63.2
            +---------+---------+-------+---------+---------+-------
